 Dungeon Crawl Stone Soup version 0.21.0-24-g2553a33 (webtiles) character file.

811 Gorglomux the Shield-Bearer (level 7, -7/66 HPs)
             Began as a Deep Dwarf Fighter on Jan 20, 2018.
             Killed by divine providence
             ... invoked by an orc priest
              (13 damage)
             ... on level 4 of the Dungeon.
             The game lasted 00:01:47 (2270 turns).

Gorglomux the Shield-Bearer (Deep Dwarf Fighter)    Turns: 2270, Time: 00:01:48

Health: -7/66      AC: 12    Str: 21    XL:     7   Next: 61%
Magic:  6/6        EV:  4    Int:  9    God:
Gold:   254        SH: 10    Dex: 12    Spells: 6/6 levels left

rFire    . . .     SeeInvis .   a - +0 war axe
rCold    . . .     Gourm    .   c - +0 shield
rNeg     . . .     Faith    .   x - +0 plate armour
rPois    .         Spirit   .   (no helmet)
rElec    .         Reflect  .   (no cloak)
rCorr    .         Harm     .   (no gloves)
MR       +....                  (no boots)
Stlth    ..........             (no amulet)
HPRegen  0.00/turn              (no ring)
MPRegen  0.10/turn              (no ring)

@: non-regenerating
A: damage resistance, heal wounds, sense surroundings 1, no regeneration
a: Heal Wounds


You were on level 4 of the Dungeon.
You were not hungry.

You visited 1 branch of the dungeon, and saw 4 of its levels.

You collected 254 gold pieces.

Inventory:

Hand Weapons
 a - a +0 war axe (weapon)
Armour
 c - a +0 shield (worn)
 x - a +0 plate armour (worn)
Jewellery
 A - a +5 ring of protection {unknown}
Scrolls
 g - 2 scrolls of amnesia {unknown}
 i - 2 scrolls of teleportation {unknown}
 n - 3 scrolls of immolation {unknown}
 o - a scroll of blinking {unknown}
 s - 2 scrolls of identify {unknown}
 t - 5 scrolls of remove curse {unknown}
 v - a scroll of magic mapping {unknown}
 y - a scroll of enchant armour {unknown}
Potions
 d - a potion of might
 h - 4 potions of flight {unknown}
 k - a potion of resistance {unknown}
 l - 2 potions of curing
 m - 2 potions of magic {unknown}
 p - 2 potions of heal wounds {unknown}
 q - a potion of haste {unknown}
 u - 2 potions of berserk rage {unknown}
 w - a potion of lignification {unknown}
 z - a potion of mutation {unknown}
Comestibles
 f - 8 rations
 r - 15 chunks of flesh


   Skills:
 + Level 4.7 Fighting
 + Level 5.2 Axes
 + Level 5.7 Armour
 + Level 5.7 Shields


You had 6 spell levels left.
You didn't know any spells.

Dungeon Overview and Level Annotations

Branches:
Dungeon (4/15)
 Temple: D:4-7

Altars:


Innate Abilities, Weirdness & Mutations

You are resistant to damage.
You can heal yourself by infusing magical energy.
You passively map a small area around you.
You do not regenerate.


Message History

Beogh smites you!!! * * * don'butt die
* * * The butt butts you with a flail!
Things that are here:
a dagger; a robe You barely miss the butt priest!
You open the butt like a pillowcase!!!
You annihilate the orc!!!
You block the orc priest's attack!
The orc priest calls down the wrath of Beogh upon you!
Beogh smites you!!! * * * don't die
* * * You are too injured to fight recklessly!!!
You are too injured to fight recklessly!!!
You are too injured to fight recklessly!!!
You are too injured to fight recklessly!!!
Unknown command!
Your shield and plate armour prevent you from hitting the orc priest!
The orc priest calls down the wrath of Beogh upon you!
Beogh smites butt!!! rip

* ,
.......#...# *
,......#.).#
,, ,
+#....#...# ,
, #....#...# *
* #....#...# *
,#....'...# ,
#..>.#...#
####....#...#
,
*......)@#...#
.$.....o#...#
*..$.....#...#
*
*........#...#
........#...#
........#
........# ,,*
........# *


You could see an orc priest.

Vanquished Creatures
  Grinder (D:3)
  An orc warrior (D:4)
  An ogre (D:4)
  An orc priest (D:4)
  Jessica (D:2)
  4 orc wizards
  A worker ant (D:3)
  Robin (D:3)
  7 adders
  3 gnolls (D:2)
  An ooze (D:1)
  3 worms (D:3)
  3 dart slugs
  7 leopard geckos
  18 orcs
  4 giant cockroaches
  14 goblins
  12 hobgoblins
  18 jackals
  9 kobolds
  2 ball pythons (D:3)
  7 bats
  5 frilled lizards
  7 rats
131 creatures vanquished.

Notes
Turn   | Place    | Note
-------+----------+-------------------------------------------
     0 | D:1      | Gorglomux the Deep Dwarf Fighter began the quest for the Orb.
     0 | D:1      | Reached XP level 1. HP: 20/20 MP: 1/1
   107 | D:1      | Reached XP level 2. HP: 27/27 MP: 2/2
   240 | D:1      | Reached skill level 3 in Fighting
   349 | D:1      | Reached XP level 3. HP: 25/34 MP: 3/3
   661 | D:2      | Reached skill level 3 in Axes
   661 | D:2      | Reached XP level 4. HP: 25/42 MP: 4/4
   980 | D:2      | Reached XP level 5. HP: 37/49 MP: 5/5
  1023 | D:2      | Noticed Jessica
  1027 | D:2      | Killed Jessica
  1385 | D:3      | Noticed Grinder
  1392 | D:3      | Paralysed by Grinder for 5 turns
  1426 | D:3      | Paralysed by Grinder for 6 turns
  1440 | D:3      | Killed Grinder
  1440 | D:3      | Reached XP level 6. HP: 33/57 MP: 6/6
  1513 | D:3      | Noticed Robin
  1532 | D:3      | Killed Robin
  2057 | D:3      | Reached XP level 7. HP: 47/64 MP: 6/6
  2270 | D:4      | Killed from afar by an orc priest

Skill      XL: |  1  2  3  4  5  6  7 |
---------------+----------------------+-----
Fighting       | 3 4 |  4.7
Axes           | 3 4 5 |  5.2
Armour         | 4 5 |  5.7
Shields        | 4 5 |  5.7

Action                   |  1- 3 |  4- 6 |  7- 9 || total
-------------------------+-------+-------+-------++-------
Melee: War axe           |    82 |   260 |    68 ||   410
 Abil: Heal Wounds       |       |     5 |     4 ||     9
  Eat: Chunk             |       |     5 |     1 ||     6
Armor: Scale mail        |    42 |    69 |       ||   111
       Plate armour      |       |   111 |    53 ||   164
Dodge: Dodged            |    42 |    83 |     9 ||   134
Block: Shield            |    54 |   168 |    22 ||   244
